 Dungeon Crawl Stone Soup version 0.25.0-1-g7eea58d2a3 (webtiles) character file.

Game seed: 7122567641325518851

186 mortelune the Skirmisher (level 5, -2/43 HPs)
             Began as a Formicid Abyssal Knight on June 14, 2020.
             Was a Believer of Lugonu.
             Slain by Natasha (4 damage)
             ... on level 3 of the Dungeon.
             The game lasted 00:04:09 (4765 turns).

mortelune the Skirmisher (Formicid Abyssal Knight)  Turns: 4765, Time: 00:04:10

Health: -2/43      AC:  6    Str: 17    XL:     5   Next: 98%
Magic:  6/6        EV:  9    Int: 12    God:    Lugonu [**....]
Gold:   236        SH:  0    Dex: 10    Spells: 4/4 levels left

rFire    x . .     SeeInvis +   a - +1 hand axe
rCold    + . .     Gourm    .   (no shield)
rNeg     . . .     Faith    .   r - +0 scale mail (curse)
rPois    .         Spirit   .   (helmet unavailable)
rElec    .         Reflect  .   (no cloak)
rCorr    .         Harm     .   (no gloves)
MR       .....                  (no boots)
Stlth    ..........             (no amulet)
HPRegen  0.14/turn              i - ring of ice
MPRegen  0.10/turn              e - ring of flight

@: flying, very slightly contaminated, invisible
A: permanent stasis, dig shafts and tunnels, four strong arms, antennae 3
a: Dig, Shaft Self, Depart the Abyss, Bend Space, Renounce Religion


You were on level 3 of the Dungeon.
You worshipped Lugonu.
Lugonu was pleased with you.
You were not hungry.

You visited 1 branch of the dungeon, and saw 3 of its levels.
You visited the Abyss 1 time.

You collected 236 gold pieces.

Inventory:

Hand Weapons
 a - a +1 hand axe (weapon)
Missiles
 Q - 130 stones (quivered)
Armour
 b - a +0 leather armour
 r - a cursed +0 scale mail (worn)
Jewellery
 e - a ring of flight (right hand)
 i - a ring of ice (left hand)
Wands
 q - a wand of iceblast (6)
Scrolls
 d - 2 scrolls of identify {unknown}
 k - a scroll of blinking {unknown}
 l - 2 scrolls of magic mapping {unknown}
 m - 4 scrolls of teleportation {unknown}
 o - a scroll of noise {unknown}
 s - 2 scrolls of enchant weapon {unknown}
Potions
 f - a potion of flight
 g - a potion of curing {unknown}
 h - 2 potions of stabbing {unknown}
 j - 3 potions of berserk rage {unknown}
 n - a potion of invisibility
 p - a potion of brilliance {unknown}
 t - a potion of heal wounds {unknown}
Comestibles
 c - 8 rations
 u - a chunk of flesh


   Skills:
 + Level 4.3 Fighting
 * Level 4.2 Axes
 + Level 3.6 Armour
 - Level 0.8 Dodging
 - Level 2.1 Invocations


You had 4 spell levels left.
You didn't know any spells.
Your spell library was empty.

Dungeon Overview and Level Annotations

Branches:
Dungeon (3/15)

Altars:
Zin

Annotations:
D:3 Natasha


Innate Abilities, Weirdness & Mutations

You cannot be hasted, slowed, berserked, paralysed or teleported.
You can dig through walls and to a lower floor.
Your four strong arms can wield two-handed weapons with a shield.
You have a pair of large antennae on your head. (SInv)


Message History

You hit Natasha.
Natasha is almost dead.
You closely miss the shadow imp. The shadow imp barely misses you.
Natasha claws you but does no damage.
It was a potion of invisibility.
You fade into invisibility!
The shadow imp hits you but does no damage.
Natasha barely misses you.
You are very lightly contaminated with residual magic.
It was a potion of flight.
You feel very buoyant.
You fly up into the air.
The shadow imp hits you but does no damage.
Natasha closely misses you.
You closely miss Natasha.
Natasha is almost dead.
You hit the shadow imp. The shadow imp hits you.
* * * LOW HITPOINT WARNING * * *
Natasha claws you.
You die...

#.##...#.. #....#.#.. ###########
####...#.. #.........# ##.....
#.#.##.##.# ####.. #.##.##.######
#.# ..# #.##.........# ##.# # ...
#.###...5....###### #... . ...
#.###{#@###.......# #... . #.#
###.....h.#.......#.# #... .###.#
#.......##........#.# #... ..##!#
#.......##..#..#..#.###... [....#
#.......##.....#..........
♣P(..###............#............
P..♣.?##.......###.###.#.........
..P♣..##.......##.## ##..#####.).
.....###...>...###.###.### #...


You could see Natasha and a shadow imp (summoned).

Vanquished Creatures
  Ijyb (D:3)
  Natasha (twice) (D:3)
  3 adders
  2 oozes
  A worm (D:3)
  3 dart slugs
  2 leopard geckos
  4 orcs (D:3)
  7 bats
  6 giant cockroaches
  5 hobgoblins
  3 jackals (D:1)
  6 kobolds
  A ball python (D:2)
  5 frilled lizards
  5 goblins
  6 rats
62 creatures vanquished.

Notes
Turn   | Place    | Note
-------+----------+-------------------------------------------
     0 | Abyss:1  | mortelune the Formicid Abyssal Knight began the quest for
                  | the Orb.
     0 | Abyss:1  | Reached XP level 1. HP: 18/18 MP: 2/2
   195 | Abyss:1  | Noticed a worldbinder
   196 | Abyss:1  | Noticed an ironheart preserver
   196 | Abyss:1  | Noticed a yaktaur
   196 | D:1      | Escaped the Abyss
   399 | D:1      | Reached XP level 2. HP: 21/24 MP: 3/3
   505 | D:1      | Reached * piety under Lugonu
   747 | D:1      | Reached XP level 3. HP: 20/29 MP: 4/4
  1935 | D:2      | Reached XP level 4. HP: 10/37 MP: 5/5
  2861 | D:2      | Found a faded altar of an unknown god.
  3639 | D:3      | Noticed Ijyb
  3672 | D:3      | Killed Ijyb
  3672 | D:3      | Reached XP level 5. HP: 28/42 MP: 6/6
  3677 | D:3      | Reached ** piety under Lugonu
  4248 | D:3      | Found a glowing silver altar of Zin.
  4277 | D:3      | Noticed Natasha
  4289 | D:3      | Killed Natasha
  4634 | D:3      | Noticed Natasha
  4642 | D:3      | Killed Natasha
  4746 | D:3      | Noticed Natasha
  4765 | D:3      | HP: 2/43 [shadow imp[Natasha] (3)]
  4765 | D:3      | Slain by Natasha

Illustrated notes

Levels and vault maps discovered:
D:1:      ebering_trefoil_twist, layout_loops_ring, roderic_st_hans_cross
D:2:      layout_loops_cross, serial_forest, infiniplex_forest_straight_5,
          infiniplex_forest_clump_double, infiniplex_forest_lined_4_way,
          infiniplex_forest_end_3, infiniplex_forest_lined_room_3,
          infiniplex_forest_straight_4, infiniplex_forest_lined_corner,
          infiniplex_forest_clump_tiny, chequers_ecumenical_altar_lobes
D:3:      layout_loops_cross, lemuel_doored_altar, serial_park_tiny_2,
          serial_park_tiny_2, uniq_natasha, uniq_ijyb

Skill      XL: |  1  2  3  4  5 |
---------------+----------------+-----
Axes           | 3 4 |  4.2
Armour         | 3 |  3.6
Fighting       | 4 |  4.3
Dodging        | |  0.8
Invocations    | |  2.1

Action                   |  1- 3 |  4- 6 || total
-------------------------+-------+-------++-------
Melee: Hand axe          |   118 |   149 ||   267
Invok: Depart the Abyss  |     1 |       ||     1
  Use: Potion            |       |     2 ||     2
  Eat: Chunk             |     3 |     6 ||     9
       Ration            |       |     1 ||     1
Armor: Leather armour    |    61 |    28 ||    89
       Scale mail        |       |     8 ||     8
Dodge: Dodged            |   102 |    83 ||   185
